 Dungeon Crawl Stone Soup version 0.20.0-6-gd3061e9 (webtiles) character file.

144 kuniqs the Vexing (level 5, 0/39 HPs)
             Began as a Formicid Enchanter on May 28, 2017.
             Slain by Pikel
             ... wielding a +2 whip of freezing
              (6 damage)
             ... on level 3 of the Dungeon.
             The game lasted 00:06:31 (5045 turns).

kuniqs the Vexing (Formicid Enchanter)              Turns: 5045, Time: 00:06:32

Health: 0/39       AC:  8    Str: 14    XL:     5   Next: 51%
Magic:  8/8        EV:  7    Int: 14    God:
Gold:   96         SH:  0    Dex: 11    Spells: 7/8 levels left

rFire    . . .     SeeInvis +   r - +3 dagger
rCold    . . .     Gourm    .   (no shield)
rNeg     . . .     Faith    .   m - +0 chain mail
rPois    .         Spirit   .   (helmet unavailable)
rElec    .         Reflect  .   (no cloak)
rCorr    .         Harm     .   (no gloves)
MR       .....                  (no boots)
Stlth    ..........             (no amulet)
Regen    0.2/turn               (no ring)
MPRegen  0.2/turn               (no ring)

@: no status effects
A: permanent stasis, dig shafts and tunnels, four strong arms, antennae 3
a: Dig, Shaft Self


You were on level 3 of the Dungeon.
You were not hungry.

You visited 1 branch of the dungeon, and saw 4 of its levels.

You collected 96 gold pieces.

Inventory:

Hand Weapons
 r - a +3 dagger (weapon)
Armour
 m - a +0 chain mail (worn)
Scrolls
 c - a scroll of amnesia {unknown}
 g - a scroll of remove curse {unknown}
 j - a scroll of identify {unknown}
 k - a scroll of teleportation {unknown}
 l - 2 scrolls of fear {unknown}
 n - a scroll of enchant armour {unknown}
 o - a scroll of immolation {unknown}
Potions
 b - a potion of agility {unknown}
 h - a potion of heal wounds {unknown}
 i - a potion of lignification {unknown}
 p - a potion of magic {unknown}
Comestibles
 a - 2 royal jellies
 d - a bread ration
 e - a meat ration
 f - 9 fruits


   Skills:
 + Level 2.5 Fighting
 - Level 1.0 Short Blades
 + Level 2.7 Armour
 + Level 3.2 Dodging
 - Level 3.6 Stealth
 - Level 2.1 Spellcasting
 - Level 3.6 Hexes


You had 7 spell levels left.
You knew the following spells:

 Your Spells              Type           Power        Failure   Level  Hunger
a - Corona                Hex            ##.....      78%         1    #......


Dungeon Overview and Level Annotations

Branches:
Dungeon (4/15)
 Temple: D:4-7

Altars:
Dithmenos
Okawaru

Annotations:
D:3 Pikel


Innate Abilities, Weirdness & Mutations

You cannot be hasted, slowed, berserked, paralysed or teleported.
You can dig through walls and to a lower floor.
Your four strong arms can wield two-handed weapons with a shield.
You have a pair of large antennae on your head. (SInv)


Message History

* * * LOW HITPOINT WARNING * * *
You closely miss Pikel.
Pikel is lightly wounded.
Pikel hits you with a whip of freezing.
* * * LOW HITPOINT WARNING * * *
Pikel freezes you.
* * * LOW HITPOINT WARNING * * *
You closely miss Pikel.
Pikel is lightly wounded.
Pikel hits you with a whip of freezing.
* * * LOW HITPOINT WARNING * * *
Pikel freezes you.
* * * LOW HITPOINT WARNING * * *
Pikel says, "Why not give up?
You'll get fed.
Maybe."
Press: ? - help, v - describe, . - travel
Here: Pikel, wielding a whip of freezing and wearing a robe (lightly wounded)
The floor.
You see here 13 arrows.
Pikel hits you with a whip of freezing.
You die...

##.........# ### ##.##.# #
##.........# ######.# #..##.# #
##.........# #......###..##.####
##.........# #......##..........
#.........####......##...##..###
#.........................).....
#...................##..........
###.................##...##.#...
#.........(.K@....##...##.#...
####........########.##.<[##.#...
............# #.......#.....
###.........# #.......#.#...
............########.......#.#...
###.........##.............#.###.
#.........##.#####.......#.# #.
#.........##.# #.......#.# #.
#.........##.# #.##...##.###.


You could see Pikel.

Vanquished Creatures
  2 slaves (D:3)
  7 adders
  3 worms
  4 dart slugs
  2 leopard geckos
  An orc (D:3)
  2 ball pythons (D:2)
  3 giant cockroaches
  3 goblins
  5 hobgoblins
  4 jackals (D:2)
  3 quokkas
  8 bats
  6 frilled lizards
  8 kobolds
  8 rats
69 creatures vanquished.

Notes
Turn   | Place    | Note
-------+----------+-------------------------------------------
     0 | D:1      | kuniqs the Formicid Enchanter began the quest for the Orb.
     0 | D:1      | Reached XP level 1. HP: 13/13 MP: 3/3
   321 | D:1      | Reached skill level 1 in Fighting
   420 | D:1      | Reached XP level 2. HP: 20/21 MP: 5/5
   471 | D:1      | Reached skill level 1 in Armour
  1030 | D:2      | Reached XP level 3. HP: 22/26 MP: 6/6
  1661 | D:2      | Reached XP level 4. HP: 33/33 MP: 7/7
  2959 | D:3      | Reached XP level 5. HP: 31/39 MP: 8/8
  3169 | D:3      | Found a shadowy altar of Dithmenos.
  3192 | D:3      | Found an iron altar of Okawaru.
  3870 | D:4      | Noticed a slave
  3871 | D:4      | Noticed a slave
  3871 | D:4      | Noticed an ogre
  3872 | D:4      | Noticed Pikel
  3961 | D:4      | HP: 1/39 [slave[Pikel] (6)]
  4270 | D:3      | Killed a slave
  4544 | D:4      | Noticed a slave
  4652 | D:4      | Noticed a slave
  4705 | D:3      | Killed a slave
  5045 | D:3      | Slain by Pikel

Skill      XL: |  1  2  3  4 |
---------------+-------------+-----
Fighting       | 1 2 |  2.5
Armour         | 1 2 |  2.7
Dodging        | 2 3 |  3.2
Short Blades   | |  1.0
Stealth        | |  3.6
Spellcasting   | |  2.1
Hexes          | |  3.6

Action                   |  1- 3 |  4- 6 || total
-------------------------+-------+-------++-------
Melee: Dagger            |   134 |   190 ||   324
       Mace              |       |    96 ||    96
 Stab: Sleeping          |     1 |       ||     1
  Eat: Chunk             |     2 |    11 ||    13
       Fruit             |       |     1 ||     1
Armor: Leather armour    |     9 |       ||     9
       Scale mail        |    19 |       ||    19
       Plate armour      |    27 |       ||    27
       Chain mail        |     1 |   185 ||   186
Dodge: Dodged            |    59 |   102 ||   161
